[Event "LASS Vårturneringar"]
[Site "Linköping"]
[Date "2013.05.09"]
[Round "1"]
[White "Ivarsson, Simon"]
[Black "Olsson, Simon"]
[Result "0-1"]
[ECO "B30"]
[WhiteElo "1716"]
[BlackElo "2072"]
[PlyCount "110"]
[EventDate "2013.05.09"]
[EventType "swiss"]
[EventRounds "7"]
[EventCountry "SWE"]
[TimeControl "6000+790"]
[WhiteClock "0:26:08"]
[BlackClock "0:41:39"]

1. e4 c5 2. Nf3 Nc6 3. c3 d5 4. exd5 Qxd5 5. Na3 Bg4 6. Be2 Nf6 7. O-O e6 8. h3
Bf5 9. Nc2 Bd3 10. Ne3 Qd7 11. Ne1 Bxe2 12. Qxe2 Be7 13. Nf3 O-O 14. d3 Nd5 15.
Nc2 Bf6 16. Rd1 Bxc3 17. bxc3 Nxc3 18. Qd2 Nxd1 19. Qxd1 Rfd8 20. Nce1 c4 21.
d4 Nxd4 22. Bb2 Nxf3+ 23. Qxf3 f6 24. Qe4 Qd5 25. Qe3 e5 26. Bc3 Qb5 27. Rc1
Qa6 28. Rc2 Rd1 29. Qe2 Rad8 30. Kh2 R1d5 31. g3 b5 32. Ng2 Qb7 33. Ne3 Rd3 34.
a3 Qe4 35. Bb4 f5 36. Ng2 Qxe2 37. Rxe2 Re8 38. Ra2 g5 39. Ne3 f4 40. gxf4 gxf4
41. Ng4 Kg7 42. Kg2 h5 43. Nh2 Kf6 44. Nf1 Rg8+ 45. Kh2 Rd1 46. Nd2 Kf5 47. Nf3
Ke4 48. Ne1 f3 49. Bc3 Rb1 50. Bb4 h4 51. Bc3 a5 52. Rc2 b4 53. axb4 axb4 54.
Bd2 c3 55. Bc1 Ra8 0-1

[Event "LASS Vårturneringar"]
[Site "Linköping"]
[Date "2013.05.09"]
[Round "1"]
[White "Fransson, Claes"]
[Black "Qwarfort, Fredrik"]
[Result "0-1"]
[ECO "D70"]
[WhiteElo "1176"]
[BlackElo "1807"]
[PlyCount "74"]
[EventDate "2013.05.09"]
[EventType "swiss"]
[EventRounds "7"]
[EventCountry "SWE"]
[TimeControl "6000+27640"]
[WhiteClock "0:26:35"]
[BlackClock "0:30:40"]

1. d4 Nf6 2. c4 g6 3. Nf3 Bg7 4. Nc3 d5 5. cxd5 Nxd5 6. Nxd5 Qxd5 7. e3 O-O 8.
b3 c5 9. Bc4 Qd8 10. Bb2 Nc6 11. Qd2 Bg4 12. dxc5 Bxb2 13. Qxb2 Bxf3 14. gxf3
Qa5+ 15. Ke2 Qxc5 16. Rac1 Qh5 17. Bd3 Rfd8 18. Be4 Qb5+ 19. Ke1 Rac8 20. Bxc6
Rxc6 21. Rxc6 Qxc6 22. Ke2 Qb5+ 23. Ke1 Qd3 24. Qa1 Qc2 25. Kf1 Rd1+ 26. Qxd1
Qxd1+ 27. Kg2 Qc2 28. h4 h5 29. Re1 Qxa2 30. e4 Qxb3 31. f4 a5 32. f5 Qb4 33.
Re2 gxf5 34. exf5 Qxh4 35. f3 Qg5+ 36. Kh2 a4 37. Re5 Qf4+ 0-1

[Event "LASS Vårturneringar"]
[Site "Linköping"]
[Date "2013.05.09"]
[Round "2"]
[White "Pettersson, Alexander"]
[Black "Qwarfort, Fredrik"]
[Result "1/2-1/2"]
[ECO "A38"]
[WhiteElo "1957"]
[BlackElo "1807"]
[PlyCount "70"]
[EventDate "2013.05.09"]
[EventType "swiss"]
[EventRounds "7"]
[EventCountry "SWE"]
[TimeControl "6000+720"]
[WhiteClock "0:14:39"]
[BlackClock "0:20:10"]

1. c4 Nf6 2. Nc3 g6 3. g3 Bg7 4. Bg2 c5 5. Nf3 O-O 6. O-O Nc6 7. d3 e6 8. e4 d5
9. Qe2 d4 10. Nd1 e5 11. Ne1 Ne8 12. f4 f6 13. Nf3 a6 14. Bd2 Bd7 15. Nf2 Nd6
16. fxe5 Nxe5 17. Nxe5 fxe5 18. Ng4 Qe7 19. Nh6+ Kh8 20. Ng4 b5 21. b3 Rae8 22.
Rac1 b4 23. h4 Nf7 24. Kh2 h5 25. Nf2 Kh7 26. Bh3 Bh6 27. Bxd7 Qxd7 28. Nh3
Bxd2 29. Qxd2 Nh6 30. Ng5+ Kg7 31. Qe2 Ng4+ 32. Kg1 Rxf1+ 33. Rxf1 Rf8 34. Rxf8
Kxf8 35. Kf1 Kg7 1/2-1/2

[Event "LASS Vårturneringar"]
[Site "Linköping"]
[Date "2013.05.10"]
[Round "3"]
[White "Qwarfort, Fredrik"]
[Black "Olsson, Simon"]
[Result "1/2-1/2"]
[ECO "A50"]
[WhiteElo "1807"]
[BlackElo "2072"]
[PlyCount "115"]
[EventDate "2013.05.09"]
[EventType "swiss"]
[EventRounds "7"]
[EventCountry "SWE"]
[TimeControl "6000+1100"]
[WhiteClock "0:01:00"]
[BlackClock "0:05:53"]

1. d4 Nf6 2. c4 Nc6 3. Nf3 e6 4. g3 d5 5. Bg2 dxc4 6. Qa4 Bb4+ 7. Bd2 Nd5 8.
Bxb4 Ndxb4 9. O-O Rb8 10. Ne5 Qxd4 11. Nxc6 Nxc6 12. Bxc6+ bxc6 13. Rd1 Qc5 14.
Qc2 O-O 15. Nd2 Ba6 16. b3 Rfd8 17. Rac1 Qb4 18. Nxc4 Bxc4 19. Rxd8+ Rxd8 20.
Qxc4 Qxc4 21. Rxc4 Rd6 22. Ra4 Kf8 23. Rxa7 Rd7 24. Kf1 Ke7 25. Ke1 Kd6 26. Kd2
Kc5+ 27. Kc2 f6 28. Ra4 Rd8 29. Rc4+ Kb6 30. Rc3 Rd5 31. Re3 Rc5+ 32. Kb2 Rf5
33. f3 e5 34. g4 Rg5 35. Kc3 h5 36. h3 hxg4 37. hxg4 Rg6 38. Kd3 Rh6 39. g5 Rh4
40. gxf6 Rd4+ 41. Kc3 gxf6 42. Rd3 Rh4 43. Rd1 Rh2 44. Kd3 Rh8 45. Ke4 Rh4+ 46.
Kf5 Rf4+ 47. Ke6 c5 48. Rc1 Kb5 49. a3 c4 50. a4+ Kb4 51. Rxc4+ Rxc4 52. bxc4
Kxc4 53. Kd7 c5 54. Kc6 Kb4 55. a5 c4 56. a6 c3 57. a7 c2 58. Kd5 1/2-1/2

[Event "LASS Vårturneringar"]
[Site "Linköping"]
[Date "2013.05.10"]
[Round "4"]
[White "Olsson, Simon"]
[Black "Persson, Börje"]
[Result "1-0"]
[ECO "A45"]
[WhiteElo "2072"]
[BlackElo "1740"]
[PlyCount "61"]
[EventDate "2013.05.09"]
[EventType "swiss"]
[EventRounds "7"]
[EventCountry "SWE"]
[TimeControl "6000+585"]
[WhiteClock "0:35:48"]
[BlackClock "0:05:57"]

1. d4 Nf6 2. Bg5 e6 3. e4 Be7 4. e5 Nd5 5. Bd2 O-O 6. c4 Nb6 7. Bd3 f5 8. Nc3
d6 9. Qe2 Nc6 10. Nf3 dxe5 11. dxe5 Nb4 12. Bb1 Bd7 13. a3 Nc6 14. Ba2 a5 15.
O-O-O Qc8 16. h3 a4 17. g4 Na5 18. gxf5 Rxf5 19. Nd4 Rf7 20. Ne4 Qf8 21. c5
Bxc5 22. Nxe6 Bxe6 23. Bxe6 Nb3+ 24. Kb1 Nd4 25. Bxf7+ Qxf7 26. Qd3 Ne6 27. Ng5
Nxg5 28. Bxg5 h6 29. Be3 Bxe3 30. Qxe3 Qf5+ 31. Qd3 1-0

[Event "LASS Vårturneringar"]
[Site "Linköping"]
[Date "2013.05.11"]
[Round "5"]
[White "Lindström, Jan"]
[Black "Pettersson, Alexander"]
[Result "0-1"]
[ECO "A00"]
[WhiteElo "1538"]
[BlackElo "1957"]
[PlyCount "123"]
[EventDate "2013.05.09"]
[EventType "swiss"]
[EventRounds "7"]
[EventCountry "SWE"]
[TimeControl "6000+770"]
[WhiteClock "1:04:37"]
[BlackClock "0:05:40"]

1. Nc3 d5 2. e4 dxe4 3. Nxe4 Nd7 4. Bc4 e6 5. Qf3 Ne5 6. Qb3 Nxc4 7. Qxc4 Be7
8. d4 Nf6 9. Nxf6+ Bxf6 10. Nf3 O-O 11. Bf4 c6 12. c3 Qd5 13. Qxd5 cxd5 14. Kd2
Be7 15. h4 f6 16. Rae1 Bd7 17. Bg3 Kf7 18. Ng1 b5 19. Ne2 Rfc8 20. Rc1 a5 21.
b3 Rc6 22. f4 Rac8 23. f5 exf5 24. Nf4 Ba3 25. Rc2 Be6 26. Nxe6 Kxe6 27. Kd3
Bd6 28. Be1 g6 29. Rh3 Kf7 30. Rf3 h5 31. Bg3 Bxg3 32. Rxg3 a4 33. Re3 axb3 34.
axb3 R8c7 35. g3 Rc8 36. Re1 Re6 37. Rxe6 Kxe6 38. Re2+ Kd6 39. Rf2 Ra8 40. Rb2
Ra1 41. Rg2 Ra3 42. b4 Ra1 43. Ke3 Ke6 44. Kf3 Rf1+ 45. Ke2 Rc1 46. Kd2 Ra1 47.
Kd3 g5 48. Re2+ Kd6 49. hxg5 fxg5 50. Re5 Rg1 51. Rxf5 Rxg3+ 52. Ke2 h4 53. Kf2
g4 54. Rg5 Rf3+ 55. Kg1 Ke6 56. Rxg4 Rg3+ 57. Rxg3 hxg3 58. Kg2 Kf5 59. Kxg3
Ke4 60. Kg4 Kd3 61. Kf5 Kxc3 62. Ke5 {Kxd4+} 0-1

[Event "LASS Vårturneringar"]
[Site "Linköping"]
[Date "2013.05.11"]
[Round "6"]
[White "Olsson, Simon"]
[Black "Lindström, Jan"]
[Result "1-0"]
[ECO "E00"]
[WhiteElo "2072"]
[BlackElo "1538"]
[PlyCount "77"]
[EventDate "2013.05.09"]
[EventType "swiss"]
[EventRounds "7"]
[EventCountry "SWE"]
[TimeControl "6000+385"]
[WhiteClock "0:30:25"]
[BlackClock "1:01:55"]

1. d4 e6 2. c4 Bb4+ 3. Nc3 Bxc3+ 4. bxc3 d6 5. e4 Nc6 6. Bd3 e5 7. Ne2 h6 8. f4
Bg4 9. d5 Nb8 10. fxe5 dxe5 11. c5 Nf6 12. Qb3 b6 13. c6 O-O 14. Qc2 Ne8 15.
Ng3 Nd6 16. O-O a5 17. Be3 Bc8 18. Qe2 Qh4 19. Bc1 Na6 20. Ba3 Nc5 21. Bxc5
bxc5 22. Rab1 c4 23. Bc2 Ba6 24. Nf5 Qg5 25. Nxd6 cxd6 26. Qf2 Bc8 27. Rb6 Qd8
28. Qe3 Qc7 29. Rfb1 Qa7 30. Bd1 f5 31. Be2 fxe4 32. Bxc4 Rb8 33. Be2 Rxb6 34.
Qxb6 Qxb6+ 35. Rxb6 e3 36. Rb8 Kf7 37. Kf1 Ke7+ 38. Ke1 Kd8 39. Ba6 1-0

[Event "LASS Vårturneringar"]
[Site "Linköping"]
[Date "2013.05.12"]
[Round "7"]
[White "Pettersson, Alexander"]
[Black "Olsson, Simon"]
[Result "1/2-1/2"]
[ECO "D04"]
[WhiteElo "1957"]
[BlackElo "2072"]
[PlyCount "131"]
[EventDate "2013.05.09"]
[EventType "swiss"]
[EventRounds "7"]
[EventCountry "SWE"]
[TimeControl "6000+650"]
[WhiteClock "0:06:46"]
[BlackClock "0:17:59"]

1. d4 Nf6 2. Nf3 d5 3. e3 Bg4 4. c4 e6 5. Qb3 Qc8 6. Nc3 c6 7. Bd3 Nbd7 8. cxd5
exd5 9. Bd2 Bd6 10. Rc1 O-O 11. h3 Be6 12. Ng5 Nb6 13. Nb5 Bb8 14. Bb4 Re8 15.
Nd6 Bxd6 16. Bxd6 Bf5 17. Be5 Ne4 18. Bxe4 Bxe4 19. Nxe4 dxe4 20. O-O Qe6 21.
Qxe6 Rxe6 22. Rc2 Nd5 23. a3 f6 24. Bg3 a5 25. b3 g5 26. Re1 Kf7 27. Kf1 Ke7
28. Ke2 Kd7 29. h4 h6 30. hxg5 hxg5 31. Rh1 Re7 32. Rcc1 Ra6 33. Kd2 Rb6 34.
Kc2 f5 35. Be5 f4 36. Rce1 fxe3 37. fxe3 Rf7 38. Re2 Nc7 39. Bxc7 Kxc7 40. Rh6
c5 41. Rxb6 Kxb6 42. Kc3 g4 43. Kc4 g3 44. dxc5+ Kc7 45. b4 Rf2 46. Re1 axb4
47. axb4 Rxg2 48. Kd5 Rb2 49. Rg1 g2 50. b5 Rxb5 51. Rxg2 b6 52. Rc2 Rxc5+ 53.
Rxc5+ bxc5 54. Kxc5 Kd7 55. Kd5 Ke7 56. Ke5 Kd7 57. Kxe4 Ke6 58. Kd4 Kd6 59. e4
Ke6 60. e5 Ke7 61. Kd5 Kd7 62. e6+ Ke7 63. Ke5 Ke8 64. Kd6 Kd8 65. e7+ Ke8 66.
Ke6 1/2-1/2